 Dungeon Crawl Stone Soup version 0.29.0-4-gdea44cf6ec (webtiles) character file.

Game seed: 705536098376033577

4323 qw the Grappler (level 10, -8/96 HPs)
             Began as a Troll Cinder Acolyte on Aug 30, 2022.
             Was a Believer of Ignis.
             Mangled by a boulder beetle (20 damage)
             ... on level 9 of the Dungeon.
             The game lasted 00:03:36 (6479 turns).

qw the Grappler (Troll Cinder Acolyte)              Turns: 6479, Time: 00:03:37

Health: -8/96      AC: 11    Str: 31    XL:     10   Next: 11%
Magic:  10/10      EV: 13    Int:  8    God:    Ignis [**....]
Gold:   120        SH:  5    Dex:  8    Spells: 11/11 levels left

rFire   + . .      SeeInvis .     - Unarmed
rCold   . . .      Faith    .   (no shield)
rNeg    + + .      Spirit   .   k - +0 robe {rN+}
rPois   .          Reflect  +   (helmet restricted)
rElec   .          Harm     .   (no cloak)
rCorr   .          Rampage  .   (gloves unavailable)
Will    +....                   (boots unavailable)
Stlth   +.........              h - amulet of reflection
HPRegen 1.06/turn               n - +4 ring of evasion
MPRegen 0.12/turn               p - ring of positive energy

@: about to teleport, fiery-armoured
A: large, unfitting armour, claws 3, regeneration 1, shaggy fur 1, tough skin 1,
agile 1, strong-willed 1, strong 1, MP-powered wands
a: Renounce Religion, Fiery Armour, Foxfire Swarm, Rising Flame


You were on level 9 of the Dungeon.
You worshipped Ignis.
Ignis was pleased with you.
You visited 1 branch of the dungeon, and saw 9 of its levels.

You collected 570 gold pieces.
You spent 450 gold pieces at shops.


Innate Abilities, Weirdness & Mutations

You are too large for most types of armour.
You have claws for hands.
Your natural rate of healing is unusually fast.
You are covered in fur. (AC +1)
You have tough skin. (AC +1)
You are agile. (Dex +4, Str/Int -1)
You are strong-willed. (Will+)
Your muscles are strong. (Str +4, Int/Dex -1)
You expend magic power (3 MP) to strengthen your wands.


   Skills:
 - Level 5.3 Fighting
 - Level 4.8 Throwing
 - Level 2.0 Dodging
 + Level 12.5 Unarmed Combat
 - Level 1.0 Spellcasting
 - Level 2.1 Fire Magic


You had 11 spell levels left.
You didn't know any spells.
Your spell library contained the following spells:

 Spells                   Type           Power      Damage    Failure   Level
 Scorch                   Fire           6%         2d5       24%         2

Inventory:

Missiles
 l - 3 boomerangs (quivered)
Armour
 a - a +0 kite shield
 k - a +0 robe of positive energy (worn)
Jewellery
 h - an amulet of reflection (around neck)
 n - a +4 ring of evasion (left claw)
 p - a ring of positive energy (right claw)
Scrolls
 c - 2 scrolls of enchant weapon
 e - 2 scrolls of teleportation
 g - a scroll of enchant armour
 i - a scroll of identify
Potions
 b - a potion of heal wounds
 f - 4 potions of mutation
 j - a potion of curing
 m - a potion of resistance {unknown}
 o - a potion of invisibility {unknown}
 q - a potion of might {unknown}

Dungeon Overview and Level Annotations

Branches:
Dungeon (9/15)             Temple (0/1) D:7
   Lair: D:8-11         Orc: D:9-12

Altars:
Ashenzari
Kikubaaqudgha
Okawaru
Qazlal
Vehumet
Yredelemnul

Shops:
D:9 =

Annotations:
D:9 3 runed translucent doors, qw's ghost, journeyman TrCA


Message History

You scratch the boulder beetle.
The boulder beetle is heavily wounded.
The boulder beetle bites you!
You scratch the boulder beetle.
The boulder beetle is heavily wounded.
You claw the boulder beetle!
The boulder beetle is severely wounded.
The boulder beetle bites you!
You scratch the boulder beetle but do no damage.
The boulder beetle is severely wounded.
The boulder beetle barely misses you.
You claw the boulder beetle!
The boulder beetle is almost dead.
The boulder beetle leaps!
Throw: 4 boomerangs
Press: ? - help, Q - select action Shift-Dir - straight line, f/p - boulder beetle You throw a boomerang.
The boomerang hits the boulder beetle but does no damage.
The boulder beetle is almost dead.
The boulder beetle curls into a ball and begins rolling!
Throw: 4 boomerangs
Press: ? - help, Q - select action Shift-Dir - straight line, f/p - boulder beetle You throw a boomerang.
The boomerang hits the boulder beetle but does no damage.
The boulder beetle is almost dead.
Throw: 4 boomerangs
Press: ? - help, Q - select action Shift-Dir - straight line, f/p - boulder beetle You throw a boomerang.
The boomerang hits the boulder beetle but does no damage.
The boulder beetle is almost dead.
The boulder beetle hits you!!!
Ouch! That really hurt!
The boulder beetle is burned by your cloak of flames.
The boulder beetle is almost dead.
The boulder beetle stops rolling and uncurls.
6479 ||| READING 3 scrolls of teleportation.
As you read the scroll of teleportation, it crumbles to dust.
You feel strangely unstable. The boulder beetle bites you!!
You die...

#......# #...... #......# #......
##......# #......
........###################......
..................?..............
######...............#####.......
#..?............# #.......
#...............# #.).....
#........0B@....# #.......
######...............#####.......
................................)
#######...################...####
#.....#...# #...# #.....#####
##)..## #........ #..<..#
'........ #.....# #....(.(.
#.....#


You could see a boulder beetle.

Vanquished Creatures
  A troll (D:8)
  A wraith (D:9)
  A wyvern (D:7)
  6 yaks (D:8)
  Eustachio (D:6)
  4 water moccasins
  3 orc warriors
  A black bear (D:5)
  2 centaurs
  2 ogres
  2 phantoms (D:6)
  2 gnoll sergeants
  2 scorpions
  4 killer bees (D:9)
  5 howler monkeys
  6 orc priests
  3 hounds
  A gnoll bouda (D:8)
  Terence (D:2)
  8 orc wizards
  2 iguanas
  13 gnolls
  7 adders
  3 white imps
  An ufetubus (D:6)
  2 dart slugs (D:1)
  28 orcs
  9 ball pythons
  13 endoplasms
  2 giant cockroaches
  13 goblins
  8 hobgoblins
  3 jackals (D:5)
  2 quokkas
  8 bats
  2 frilled lizards (D:1)
  9 kobolds
  5 rats
186 creatures vanquished.

Vanquished Creatures (others)
  A human (D:3)
  7 plants (D:3)
8 creatures vanquished.

Grand Total: 194 creatures vanquished

Notes
Turn   | Place    | Note
-------+----------+-------------------------------------------
     0 | D:1      | qw the Troll Cinder Acolyte began the quest for the Orb.
     0 | D:1      | Reached XP level 1. HP: 22/22 MP: 1/1
     0 | D:1      | 0 ||| qw: Version: 0.1-a-95-gae9e614
     0 | D:1      | 0 ||| qw: Game counter: 4450
     0 | D:1      | 0 ||| qw: Always use a shield: true
     0 | D:1      | 0 ||| qw: God list: Okawaru
     0 | D:1      | 0 ||| qw: Allow faded altars: false
     0 | D:1      | 0 ||| qw: Do Orc after D:15 true
     0 | D:1      | 0 ||| qw: Do second Lair branch before Depths: true
     0 | D:1      | 0 ||| qw: Lair rune preference: random
     0 | D:1      | 0 ||| qw: Plans: Normal
     0 | D:1      | 0 ||| PLANNING D:1-11
    59 | D:1      | 59 ||| Stepping ~*~*~tactically~*~*~ (stealth).
    69 | D:1      | 69 ||| Stepping ~*~*~tactically~*~*~ (stealth).
    70 | D:1      | 70 ||| Stepping ~*~*~tactically~*~*~ (stealth).
   133 | D:1      | Reached XP level 2. HP: 28/29 MP: 2/2
   200 | D:1      | 200 ||| Stepping ~*~*~tactically~*~*~ (stealth).
   201 | D:1      | 201 ||| Stepping ~*~*~tactically~*~*~ (stealth).
   211 | D:1      | 211 ||| Stepping ~*~*~tactically~*~*~ (outnumbered).
   283 | D:1      | Reached skill level 4 in Unarmed Combat
   344 | D:1      | 344 ||| Stepping ~*~*~tactically~*~*~ (stealth).
   410 | D:1      | Reached XP level 3. HP: 36/36 MP: 3/3
   769 | D:1      | 769 ||| READING scroll labelled HER FIORIFA.
   774 | D:1      | 774 ||| READING scroll labelled WYUGHIFEODE.
   775 | D:1      | 775 ||| READING scroll labelled TIUSTA EREO.
   776 | D:1      | 776 ||| READING 2 scrolls labelled YFAMOAMISY.
   877 | D:1      | 877 ||| READING scroll labelled SAKATAQUMOTS.
   878 | D:1      | 878 ||| DROPPING scroll of silence.
  1073 | D:2      | You fall into a shaft and drop 2 floors!
  1079 | D:4      | 1079 ||| READING scroll labelled QEISOJ DOQULI.
  1090 | D:4      | Reached skill level 5 in Unarmed Combat
  1090 | D:4      | Reached XP level 4. HP: 30/44 MP: 4/4
  1101 | D:4      | Noticed a scorpion
  1113 | D:4      | Killed a scorpion
  1126 | D:4      | 1126 ||| Stepping ~*~*~tactically~*~*~ (stealth).
  1130 | D:4      | 1130 ||| Stepping ~*~*~tactically~*~*~ (stealth).
  1131 | D:4      | 1131 ||| Stepping ~*~*~tactically~*~*~ (stealth).
  1132 | D:4      | 1132 ||| READING scroll labelled YRAOC ABACAJ.
  1134 | D:4      | 1134 ||| Stepping ~*~*~tactically~*~*~ (stealth).
  1144 | D:3      | 1144 ||| INVOKING Fiery Armour.
  1145 | D:3      | 1145 ||| Stepping ~*~*~tactically~*~*~ (outnumbered).
  1146 | D:3      | 1146 ||| Stepping ~*~*~tactically~*~*~ (outnumbered).
  1149 | D:3      | Reached XP level 5. HP: 49/50 MP: 5/5
  1149 | D:3      | 1149 ||| Stepping ~*~*~tactically~*~*~ (outnumbered).
  1150 | D:3      | 1150 ||| Stepping ~*~*~tactically~*~*~ (outnumbered).
  1151 | D:3      | 1151 ||| Stepping ~*~*~tactically~*~*~ (outnumbered).
  1154 | D:3      | Reached skill level 6 in Unarmed Combat
  1195 | D:3      | 1195 ||| Stepping ~*~*~tactically~*~*~ (stealth).
  1196 | D:3      | 1196 ||| Stepping ~*~*~tactically~*~*~ (stealth).
  1251 | D:2      | 1251 ||| Stepping ~*~*~tactically~*~*~ (stealth).
  1295 | D:2      | Noticed Terence
  1304 | D:2      | Killed Terence
  1608 | D:2      | 1608 ||| DROPPING ring of flight.
  1609 | D:2      | 1609 ||| READING scroll labelled MAL FES ZOYH GEKLI.
  1610 | D:2      | 1610 ||| READING scroll of teleportation.
  1623 | D:3      | Found a faded altar of an unknown god.
  2039 | D:3      | Found an ancient bone altar of Kikubaaqudgha.
  2039 | D:3      | Noticed a human
  2043 | D:3      | Killed a human
  2225 | D:3      | 2225 ||| READING scroll labelled MEH GODUASCH.
  2226 | D:3      | 2226 ||| DRINKING 2 ruby potions.
  2227 | D:3      | 2227 ||| DRINKING 2 glowing puce potions.
  2227 | D:3      | Gained mutation: Your muscles are strong. (Str +4, Int/Dex
                  | -1) [potion of mutation]
  2227 | D:3      | Gained mutation: You expend magic power (3 MP) to
                  | strengthen your wands. [potion of mutation]
  2227 | D:3      | Gained mutation: You are agile. (Dex +4, Str/Int -1)
                  | [potion of mutation]
  2227 | D:3      | Gained mutation: You are strong-willed. (Will+) [potion of
                  | mutation]
  2228 | D:3      | 2228 ||| DROPPING potion of attraction.
  2299 | D:4      | 2299 ||| Stepping ~*~*~tactically~*~*~ (outnumbered).
  2314 | D:4      | Reached skill level 1 in Throwing
  2314 | D:4      | Reached XP level 6. HP: 58/59 MP: 6/6
  2341 | D:4      | 2341 ||| Stepping ~*~*~tactically~*~*~ (hiding).
  2342 | D:4      | 2342 ||| Stepping ~*~*~tactically~*~*~ (hiding).
  2353 | D:4      | 2353 ||| Stepping ~*~*~tactically~*~*~ (stealth).
  2396 | D:4      | 2396 ||| Stepping ~*~*~tactically~*~*~ (stealth).
  2397 | D:4      | 2397 ||| Stepping ~*~*~tactically~*~*~ (stealth).
  2656 | D:4      | Reached skill level 1 in Dodging
  2863 | D:4      | 2863 ||| READING scroll labelled ODWAKIXZUI.
  2876 | D:5      | Entered Level 5 of the Dungeon
  2915 | D:5      | 2915 ||| INVOKING Fiery Armour.
  2918 | D:5      | Reached skill level 7 in Unarmed Combat
  2921 | D:5      | 2921 ||| Stepping ~*~*~tactically~*~*~ (stealth).
  2924 | D:5      | 2924 ||| Stepping ~*~*~tactically~*~*~ (stealth).
  2928 | D:5      | 2928 ||| Stepping ~*~*~tactically~*~*~ (stealth).
  2933 | D:5      | Reached XP level 7. HP: 50/66 MP: 7/7
  2985 | D:5      | 2985 ||| FLEEEEING.
  2986 | D:5      | 2986 ||| FLEEEEING.
  2987 | D:5      | 2987 ||| FLEEEEING.
  2988 | D:5      | 2988 ||| FLEEEEING.
  2989 | D:5      | 2989 ||| FLEEEEING.
  2990 | D:5      | 2990 ||| FLEEEEING.
  2991 | D:5      | 2991 ||| FLEEEEING.
  2992 | D:5      | 2992 ||| FLEEEEING.
  3003 | D:5      | 3003 ||| FLEEEEING.
  3009 | D:5      | 3009 ||| FLEEEEING.
  3015 | D:5      | 3015 ||| Stepping ~*~*~tactically~*~*~ (stealth).
  3016 | D:5      | 3016 ||| Stepping ~*~*~tactically~*~*~ (stealth).
  3018 | D:5      | 3018 ||| Stepping ~*~*~tactically~*~*~ (hiding).
  3027 | D:5      | Reached skill level 8 in Unarmed Combat
  3662 | D:6      | Reached skill level 3 in Fighting
  3738 | D:6      | 3738 ||| Stepping ~*~*~tactically~*~*~ (stealth).
  3744 | D:6      | 3744 ||| Stepping ~*~*~tactically~*~*~ (stealth).
  3745 | D:6      | 3745 ||| Stepping ~*~*~tactically~*~*~ (stealth).
  3746 | D:6      | 3746 ||| Stepping ~*~*~tactically~*~*~ (stealth).
  3747 | D:6      | 3747 ||| Stepping ~*~*~tactically~*~*~ (stealth).
  3748 | D:6      | 3748 ||| Stepping ~*~*~tactically~*~*~ (stealth).
  3749 | D:6      | 3749 ||| Stepping ~*~*~tactically~*~*~ (stealth).
  3751 | D:6      | 3751 ||| Stepping ~*~*~tactically~*~*~ (stealth).
  3838 | D:6      | 3838 ||| Stepping ~*~*~tactically~*~*~ (hiding).
  3846 | D:6      | Reached skill level 3 in Throwing
  3939 | D:6      | Found a radiant altar of Vehumet.
  3955 | D:6      | 3955 ||| Stepping ~*~*~tactically~*~*~ (stealth).
  3966 | D:6      | 3966 ||| Stepping ~*~*~tactically~*~*~ (hiding).
  3968 | D:6      | 3968 ||| FLEEEEING.
  3972 | D:6      | Reached XP level 8. HP: 70/75 MP: 8/8
  3986 | D:6      | Found an iron altar of Okawaru.
  4117 | D:6      | Noticed Eustachio
  4122 | D:6      | Killed Eustachio
  4123 | D:6      | Reached skill level 9 in Unarmed Combat
  4131 | D:6      | 4131 ||| INVOKING Fiery Armour.
  4433 | D:6      | 4433 ||| UPGRADING to +4 ring of evasion.
  4434 | D:6      | 4434 ||| UPGRADING to ring of positive energy.
  4435 | D:6      | 4435 ||| READING scroll labelled ROSMEI EPHANT.
  4436 | D:6      | 4436 ||| DRINKING 2 cyan potions.
  4483 | D:7      | Reached skill level 10 in Unarmed Combat
  4511 | D:7      | 4511 ||| INVOKING Fiery Armour.
  4640 | D:7      | Found a staircase to the Ecumenical Temple.
  4829 | D:7      | Reached XP level 9. HP: 47/85 MP: 9/9
  4949 | D:7      | Found a basalt altar of Yredelemnul.
  5033 | D:7      | Found a broken altar of Ashenzari.
  5039 | D:7      | 5039 ||| DROPPING amulet of magic regeneration.
  5040 | D:7      | 5040 ||| READING scroll labelled RURIWI CUIBB.
  5041 | D:7      | 5041 ||| READING scroll labelled QARENK WISURPH.
  5042 | D:7      | 5042 ||| READING 2 scrolls of identify.
  5042 | D:7      | 5042 ||| IDENTIFYING puce potion
  5057 | D:8      | 5057 ||| STAIRDANCE
  5095 | D:8      | 5095 ||| Stepping ~*~*~tactically~*~*~ (stealth).
  5097 | D:8      | 5097 ||| INVOKING Fiery Armour.
  5100 | D:8      | 5100 ||| Stepping ~*~*~tactically~*~*~ (outnumbered).
  5106 | D:8      | Reached skill level 11 in Unarmed Combat
  5248 | D:8      | 5248 ||| Stepping ~*~*~tactically~*~*~ (hiding).
  5253 | D:8      | 5253 ||| Stepping ~*~*~tactically~*~*~ (outnumbered).
  5256 | D:8      | 5256 ||| Stepping ~*~*~tactically~*~*~ (outnumbered).
  5267 | D:8      | 5267 ||| Stepping ~*~*~tactically~*~*~ (outnumbered).
  5269 | D:8      | 5269 ||| INVOKING Fiery Armour.
  5375 | D:8      | Reached skill level 12 in Unarmed Combat
  5397 | D:8      | Found a stormy altar of Qazlal.
  5427 | D:8      | 5427 ||| Stepping ~*~*~tactically~*~*~ (outnumbered).
  5428 | D:8      | 5428 ||| Stepping ~*~*~tactically~*~*~ (outnumbered).
  5429 | D:8      | 5429 ||| Stepping ~*~*~tactically~*~*~ (outnumbered).
  5430 | D:8      | 5430 ||| Stepping ~*~*~tactically~*~*~ (outnumbered).
  5431 | D:8      | 5431 ||| Stepping ~*~*~tactically~*~*~ (outnumbered).
  5432 | D:8      | 5432 ||| Stepping ~*~*~tactically~*~*~ (outnumbered).
  5433 | D:8      | 5433 ||| Stepping ~*~*~tactically~*~*~ (outnumbered).
  5434 | D:8      | 5434 ||| Stepping ~*~*~tactically~*~*~ (outnumbered).
  5435 | D:8      | 5435 ||| Stepping ~*~*~tactically~*~*~ (outnumbered).
  5436 | D:8      | 5436 ||| Stepping ~*~*~tactically~*~*~ (outnumbered).
  5786 | D:8      | 5786 ||| DRINKING 2 glowing red potions.
  5787 | D:8      | 5787 ||| DRINKING 2 purple potions.
  5788 | D:8      | 5788 ||| READING 2 scrolls of identify.
  5788 | D:8      | 5788 ||| IDENTIFYING murky white potion
  5789 | D:8      | 5789 ||| DROPPING potion of magic.
  5790 | D:8      | 5790 ||| DROPPING potion of lignification.
  5791 | D:8      | 5791 ||| DROPPING potion of brilliance.
  5932 | D:9      | 5932 ||| Stepping ~*~*~tactically~*~*~ (stealth).
  6135 | D:9      | Noticed a boulder beetle
  6136 | D:9      | 6136 ||| FLEEEEING.
  6147 | D:9      | 6147 ||| INVOKING Fiery Armour.
  6155 | D:9      | HP: 22/88 [boulder beetle (21)]
  6156 | D:9      | 6156 ||| READING 4 scrolls of teleportation.
  6157 | D:9      | 6157 ||| DRINKING 2 potions of heal wounds.
  6158 | D:9      | 6158 ||| FLEEEEING.
  6236 | D:9      | Found Uze Hayn's Jewellery Emporium.
  6238 | D:9      | Found a runed translucent gate.
  6238 | D:9      | Found a runed translucent gate.
  6238 | D:9      | Found a runed translucent gate.
  6241 | D:9      | Noticed qw's ghost (journeyman TrCA)
  6258 | D:9      | 6258 ||| SHOPLISTING +6 ring of strength (540 gold, have
                  | 531).
  6258 | D:9      | 6258 ||| BUYING amulet of reflection (450 gold).
  6258 | D:9      | Bought an amulet of reflection for 450 gold pieces
  6258 | D:9      | 6258 ||| SHOPLISTING ring "Kisexuj" {Ice Drain rElec rPois
                  | rCorr} (648 gold, have 81).
  6258 | D:9      | 6258 ||| SHOPLISTING ring of resist corrosion (300 gold,
                  | have 81).
  6315 | D:9      | 6315 ||| Stepping ~*~*~tactically~*~*~ (hiding).
  6317 | D:9      | 6317 ||| INVOKING Fiery Armour.
  6319 | D:9      | 6319 ||| STAIRDANCE
  6329 | D:8      | 6329 ||| UPGRADING to +0 robe of positive energy.
  6339 | D:8      | 6339 ||| DROPPING +0 robe.
  6340 | D:8      | 6340 ||| UPGRADING to amulet of reflection.
  6345 | D:8      | 6345 ||| READING 2 scrolls of identify.
  6345 | D:8      | 6345 ||| IDENTIFYING grey potion
  6346 | D:8      | 6346 ||| DROPPING potion of ambrosia.
  6349 | D:9      | 6349 ||| STAIRDANCE
  6349 | D:9      | Noticed a troll
  6379 | D:9      | 6379 ||| STAIRDANCE
  6382 | D:8      | Reached XP level 10. HP: 96/96 MP: 10/10
  6384 | D:9      | 6384 ||| STAIRDANCE
  6400 | D:9      | 6400 ||| STAIRDANCE
  6409 | D:9      | 6409 ||| STAIRDANCE
  6456 | D:9      | 6456 ||| INVOKING Fiery Armour.
  6478 | D:9      | HP: 11/96 [boulder beetle (59)]
  6479 | D:9      | 6479 ||| READING 3 scrolls of teleportation.
  6479 | D:9      | Mangled by a boulder beetle

Levels and vault maps discovered:
D:1:      dpeg_arrival_rooms_a, layout_loops_ring, minmay_nonomino_d4
D:2:      layout_basic, solitary_fountain, minmay_misc_feat_diagonals,
          minmay_misc_feat_alley, minmay_misc_feat_room, kennysheep_crisscross,
          uniq_terence
D:3:      layout_rooms, tgw_kikubaaqudgha, basic_ecumenical_altar, serial_bayou,
          serial_bayou_crossing, serial_bayou_lagoon_a, serial_bayou_shore_a,
          serial_bayou_pond_c, serial_bayou_pond_e, serial_bayou_pond_b,
          serial_park_tiny_pond
D:4:      layout_loops_ring
D:5:      nicolae_cairo_tiling, layout_basic
D:6:      layout_loops_cross, okawaru_metal_pillars_1_2,
          nicolae_overflow_crystal_walls, uniq_eustachio
D:7:      layout_basic, kennysheep_mini_moat, kennysheep_little_box,
          minmay_temple_entry_antechambers
D:8:      layout_basic, lemuel_doored_altar
D:9:      layout_irregular_city, gammafunk_ghost_ooze, serial_shops,
          nicolae_shop_hallway_stairs, shop_fountains, nicolae_shop_statue_plus,
          serial_column_ruins, column_ruins_open_medium,
          column_ruins_columns_corner, column_ruins_open_tiny,
          column_ruins_grid_1, column_ruins_open_tiny, column_ruins_open_medium,
          column_ruins_open_medium, hangedman_decor_slide_cut, uniq_joseph

Skill      XL: |  1  2  3  4  5  6  7  8  9 |
---------------+----------------------------+-----
Unarmed Combat | 4 5 6 7 8 10 12 | 12.5
Throwing       | 1 2 3 4 |  4.8
Dodging        | 1 2 |  2.0
Fighting       | 3 4 5 |  5.3
Spellcasting   | |  1.0
Fire Magic     | |  2.1

Action                   |  1- 3 |  4- 6 |  7- 9 | 10-12 || total
-------------------------+-------+-------+-------+-------++-------
Melee: Unarmed           |   108 |   114 |   200 |    23 ||   445
       Punch             |       |     3 |     8 |     3 ||    14
Throw: Large rock        |       |    15 |    33 |       ||    48
       Boomerang         |       |       |     7 |    10 ||    17
Invok: Fiery Armour      |       |     2 |     6 |     1 ||     9
  Use: Scroll            |     6 |     5 |     7 |     1 ||    19
       Potion            |       |     2 |     4 |       ||     6
Armor: Robe              |    37 |    33 |    37 |     6 ||   113
Dodge: Dodged            |    45 |    59 |   104 |    14 ||   222
Block: Other             |       |       |     1 |     3 ||     4

Table legend:
 A = Non-vault XP
 B = Vault XP
 C = Vault XP percentage of total XP
 D = Non-vault monster count
 E = Vault monster count
 F = Vault count percentage of total count
                 A         B        C        D         E       F
            +---------+---------+-------+---------+---------+-------
      Total |    5917 |     259 |   4.2 |     171 |      15 |   8.1
            +---------+---------+-------+---------+---------+-------
        D:1 |      34 |      14 |  29.2 |      21 |       6 |  22.2
        D:2 |      33 |      36 |  52.2 |      20 |       1 |   4.8
        D:3 |     107 |      12 |  10.1 |      21 |       7 |  25.0
        D:4 |     376 |       0 |   0.0 |      14 |       0 |   0.0
        D:5 |     430 |       0 |   0.0 |      17 |       0 |   0.0
        D:6 |     799 |     197 |  19.8 |      18 |       1 |   5.3
        D:7 |    1008 |       0 |   0.0 |      13 |       0 |   0.0
        D:8 |    2247 |       0 |   0.0 |      36 |       0 |   0.0
        D:9 |     883 |       0 |   0.0 |      11 |       0 |   0.0
            +---------+---------+-------+---------+---------+-------
